[Event "Queens Festival Final-B 2022"]
[Site "Tornelo"]
[Date "2022.06.25"]
[Round "9.1"]
[White "Mariroh, Fariha"]
[Black "Masoumi, Sahar"]
[Result "0-1"]
[ECO "B40"]
[WhiteElo "1839"]
[BlackElo "2004"]
[Annotator "NA RC"]
[PlyCount "94"]
[EventDate "2022.06.24"]
[EventType "tourn"]
[EventCountry "NET"]
[SourceTitle "playchess.com"]
[Source "ChessBase"]
[SourceQuality "1"]
[TimeControl "180+2"]

1. e4 c5 2. Nf3 Nc6 3. d4 cxd4 4. Nxd4 Nf6 5. Nc3 e6 6. Nxc6 bxc6 7. Bd3 d5 8. O-O Be7 9. Bf4 O-O 10. Qf3 c5 11. e5 Nd7 12. Qg3 Re8 13. Bh6 Bf8 14. Rad1 Qc7 15. Nb5 Qb6 16. Nd6 Rd8 17. Qf4 Nxe5 18. Nxc8 Raxc8 19. Qxe5 gxh6 20. f4 c4+ 21. Kh1 cxd3 22. Rxd3 f5 23. Qf6 Rd7 24. Rff3 Rxc2 25. Rg3+ Bg7 26. Rd1 Rf7 27. Qxh6 Qc6 28. Qg5 Rc1 29. Rgd3 Rxd1+ 30. Rxd1 Qc2 31. Re1 Qxb2 32. h3 Qf6 33. Qg3 Rc7 34. Qb3 Kf7 35. Qb8 Qc3 36. Rf1 Re7 37. Qb5 Qc4 38. Qb1 Rc7 39. Re1 Qc2 40. Qb4 Qc3 41. Qb1 a5 42. Qd1 a4 43. Qh5+ Ke7 44. Qxh7 Qxe1+ 45. Kh2 Kf8 46. Qg6 Rc1 47. h4 Qxh4# 0-1

[Event "Queens Festival Final-B 2022"]
[Site "Tornelo"]
[Date "2022.06.25"]
[Round "9.3"]
[White "Shohradowa, Lala"]
[Black "Pang, Ashley"]
[Result "0-1"]
[ECO "E72"]
[WhiteElo "1856"]
[BlackElo "1967"]
[Annotator "NA RC"]
[PlyCount "106"]
[EventDate "2022.06.24"]
[EventType "tourn"]
[EventCountry "NET"]
[SourceTitle "playchess.com"]
[Source "ChessBase"]
[SourceQuality "1"]
[TimeControl "180+2"]

1. d4 Nf6 2. c4 g6 3. Nc3 Bg7 4. g3 O-O 5. Bg2 d6 6. e4 Nc6 7. Nge2 a6 8. O-O Rb8 9. a3 Na5 10. Qa4 c5 11. dxc5 dxc5 12. Bf4 Bd7 13. Qc2 Rc8 14. Nd5 Nxd5 15. cxd5 Qb6 16. Rab1 Bb5 17. Rfd1 Rfd8 18. Bh3 e6 19. dxe6 fxe6 20. Rxd8+ Rxd8 21. Rd1 Bc4 22. Rxd8+ Qxd8 23. b4 cxb4 24. axb4 Bb3 25. Bc7 Qc8 26. Qc5 Nc6 27. Bd6 Qd7 28. Nf4 b6 29. Qe3 Qxd6 30. Qxb3 Nxb4 31. Nxe6 Kh8 32. Ng5 Qf8 33. Nf7+ Kg8 34. Nd6+ Kh8 35. Qxb4 Be5 36. Qxb6 Qxd6 37. Qxd6 Bxd6 38. Bd7 Kg7 39. f4 a5 40. Kf2 Bc5+ 41. Kf3 h5 42. e5 Kf7 43. h3 Bg1 44. g4 hxg4+ 45. hxg4 Bc5 46. f5 gxf5 47. gxf5 Bd4 48. Ke4 Bc3 49. Kd5 Bb4 50. Be6+ Ke7 51. f6+ Ke8 52. Bg4 a4 53. e6 a3 0-1

[Event "Queens Festival Final-B 2022"]
[Site "Tornelo"]
[Date "2022.06.25"]
[Round "9.4"]
[White "Scarsi, Anna Laura"]
[Black "Bian, Erin"]
[Result "1-0"]
[ECO "C54"]
[WhiteElo "1867"]
[BlackElo "1811"]
[Annotator "NA RC"]
[PlyCount "117"]
[EventDate "2022.06.24"]
[EventType "tourn"]
[EventCountry "NET"]
[SourceTitle "playchess.com"]
[Source "ChessBase"]
[SourceQuality "1"]
[TimeControl "180+2"]

1. e4 e5 2. Nf3 Nc6 3. Bc4 Bc5 4. c3 Nf6 5. d3 O-O 6. O-O d5 7. exd5 Nxd5 8. Re1 Bg4 9. h3 Bh5 10. Nbd2 Nb6 11. Ne4 Be7 12. Bb3 a5 13. Ng3 Bg6 14. Nxe5 Nxe5 15. Rxe5 Bf6 16. Re3 a4 17. Bc2 Qd7 18. d4 Nc4 19. Re1 Rfe8 20. Bxg6 hxg6 21. Ne4 Qd5 22. Qe2 Nd6 23. Nxf6+ gxf6 24. Be3 Nf5 25. Qf1 a3 26. b3 Qa5 27. c4 Rad8 28. Rad1 Qb4 29. Qd3 c5 30. d5 Nd4 31. Bd2 Qb6 32. Bc3 Nf5 33. Qd2 Qd6 34. Rxe8+ Rxe8 35. Re1 Rxe1+ 36. Qxe1 Nd4 37. Bxd4 cxd4 38. Qe8+ Kg7 39. Qe4 Qc5 40. Qd3 b6 41. Kf1 b5 42. Ke2 bxc4 43. Qxc4 Qb6 44. Kd3 Qc7 45. Qxc7 f5 46. d6 f4 47. d7 f3 48. gxf3 f6 49. d8=Q+ Kh6 50. Qh8+ Kg5 51. Qc5+ f5 52. Qe7+ Kf4 53. Qh6+ Kxf3 54. Qeg5 Kxf2 55. Qf4+ Ke1 56. Qd2+ Kf1 57. Qhf4+ Kg1 58. Qdf2+ Kh1 59. Q4h2# 1-0

[Event "Queens Festival Final-B 2022"]
[Site "Tornelo"]
[Date "2022.06.25"]
[Round "9.5"]
[White "Vujcic, Milena"]
[Black "Mammadova, Aysel"]
[Result "1/2-1/2"]
[ECO "C65"]
[WhiteElo "1987"]
[BlackElo "1893"]
[Annotator "NA RC"]
[PlyCount "155"]
[EventDate "2022.06.24"]
[EventType "tourn"]
[EventCountry "NET"]
[SourceTitle "playchess.com"]
[Source "ChessBase"]
[SourceQuality "1"]
[TimeControl "180+2"]

1. e4 e5 2. Nf3 Nc6 3. Bb5 Nf6 4. O-O Bc5 5. c3 O-O 6. d4 exd4 7. cxd4 Be7 8. d5 Nb8 9. e5 Nxd5 10. Qxd5 c6 11. Bxc6 dxc6 12. Qe4 Be6 13. Nc3 Na6 14. Be3 Qc8 15. Bg5 f6 16. exf6 Bxf6 17. Rfe1 Bf5 18. Qc4+ Kh8 19. Bxf6 Rxf6 20. Ng5 Qf8 21. Nce4 Bxe4 22. Qxe4 Rg6 23. h4 Nc5 24. Qc2 Rh6 25. g3 Nd7 26. Rad1 Nf6 27. Qb3 Nd5 28. Qxb7 Rf6 29. f4 Rb8 30. Qd7 Nb6 31. Qd3 Qc5+ 32. Kh1 Qd5+ 33. Qxd5 Nxd5 34. b3 h6 35. Ne4 Rg6 36. f5 Rg4 37. Kh2 Re8 38. Nf2 Rxe1 39. Rxe1 Rd4 40. Re2 c5 41. Kg2 Kg8 42. Ne4 c4 43. bxc4 Rxc4 44. Nd6 Rc7 45. Nb5 Rd7 46. Kf3 Nf6 47. Re3 a6 48. Nc3 Kf7 49. g4 Rc7 50. g5 hxg5 51. hxg5 Nd7 52. Nd5 Rc8 53. g6+ Kf8 54. Kf4 Nc5 55. Kg5 Rd8 56. Nf4 a5 57. Ne6+ Nxe6+ 58. Rxe6 Rd2 59. Ra6 Rg2+ 60. Kf4 Rxa2 61. Ke5 Re2+ 62. Kd5 Rf2 63. Ke4 Re2+ 64. Kf3 Ra2 65. Ra8+ Ke7 66. Ra7+ Kf6 67. Rf7+ Kg5 68. f6 Ra3+ 69. Ke2 Kxg6 70. Rxg7+ Kxf6 71. Rb7 a4 72. Kd2 Ra1 73. Kc2 a3 74. Ra7 a2 75. Kb2 Rh1 76. Rxa2 Rh2+ 77. Ka3 Rxa2+ 78. Kxa2 1/2-1/2